 Dungeon Crawl Stone Soup version 0.13.0 (webtiles) character file.

387 Antur the Charmwright (level 5, -11/34 HPs)
             Began as a High Elf Skald on Oct 11, 2013.
             Was an Initiate of Okawaru.
             Mangled by an ogre
             ... wielding a +0,+0 giant club
              (15 damage)
             ... on Level 4 of the Dungeon.
             The game lasted 00:17:11 (4837 turns).

Antur the Charmwright (High Elf Skald)              Turns: 4837, Time: 00:17:12

HP -11/34        AC  4     Str 12      XL: 5   Next: 16%
MP   0/13        EV 11     Int 16      God: Okawaru [......]
Gold 229         SH  0     Dex 14      Spells:  3 memorised,  5 levels left

Res.Fire  : . . .   See Invis. : .   a - +0,+3 elf falchion
Res.Cold  : . . .   Warding    : .   b - +1 elf leather armour
Life Prot.: . . .   Conserve   : .   (no shield)
Res.Poison: .       Res.Corr.  : .   (no helmet)
Res.Elec. : .       Clarity    : .   (no cloak)
Sust.Abil.: . .     Spirit.Shd : +   (no gloves)
Res.Mut.  : .       Stasis     : .   (no boots)
Res.Rott. : .       Flight     : .   z - amulet of guardian spirit
Saprovore : . . .                    (no ring)
                                     s - ring of invisibility

@: very slightly contaminated, slightly resistant to hostile enchantments,
unstealthy
A: no striking features
a: Renounce Religion, Evoke Invisibility


You were on level 4 of the Dungeon.
You worshipped Okawaru.
Okawaru was noncommittal.
You were not hungry.

You visited 1 branch of the dungeon, and saw 4 of its levels.

You collected 209 gold pieces.

Inventory:

Hand weapons
 a - a +0,+3 elven falchion (weapon)
 t - a +0,+0 great sword
Missiles
 e - 3 darts of flame (quivered)
Armour
 b - a +1 elven leather armour (worn)
 x - a +0 elven ring mail
Magical devices
 q - a wand of paralysis (4) {unknown}
 v - a wand of polymorph (5)
Comestibles
 d - a choko
 g - 2 meat rations
Scrolls
 f - 2 scrolls of amnesia
 i - 2 scrolls of remove curse
 k - a scroll of teleportation
 p - a scroll of noise
 r - 2 scrolls of curse weapon
Jewellery
 s - a ring of invisibility (left hand)
 z - an amulet of guardian spirit (around neck)
Potions
 h - 2 potions of restore abilities
 j - a potion of heal wounds
 l - a potion of agility
 o - a potion of cure mutation
 w - a potion of brilliance
Books
 c - a book of Battle

   Spells                             Type                      Level
   *Infusion                          Charms                       1
   *Shroud of Golubria                Charms/Translocation         2
   *Song of Slaying                   Charms                       2
   Spectral Weapon                    Hexes/Charms                 3
   Regeneration                       Charms/Necromancy            3
   Song of Shielding                  Charms                       4


   Skills:
 + Level 2.8 Fighting
 * Level 3.5 Long Blades
 - Level 1.1 Armour
 + Level 2.3 Dodging
 + Level 0.8 Stealth
 - Level 3.1 Spellcasting
 + Level 4.4 Charms
 - Level 1.0 Translocations


You had 5 spell levels left.
You knew the following spells:

 Your Spells              Type           Power        Failure   Level  Hunger
a - Infusion              Chrm           ###...       3%          1    None
b - Song of Slaying       Chrm           ###.......   6%          2    ##.....
c - Shroud of Golubria    Chrm/Tloc      ##........   10%         2    ##.....


Dungeon Overview and Level Annotations

Branches:
Dungeon (4/27)
 Temple: D:4-7

Altars:
Ashenzari
Cheibriados
Nemelex Xobeh
Okawaru
Sif Muna
Xom
Zin
the Shining One


Message History

The rat bites you but does no damage. The ogre closely misses you.
Evoke which item? (* to show all) (? for menu, Esc to quit)
Zapping:
q - a twisted bronze wand {zapped: 1} {tried}
Press: ? - help, Shift-Dir - straight line, f/p - ogre
Aim: an ogre, wielding a giant club (heavily wounded)
The ogre easily resists.
The rat barely misses you.
You completely miss the ogre.
The ogre is heavily wounded.
The ogre hits you with a giant club!
* * * LOW HITPOINT WARNING * * *
You barely miss the ogre.
The ogre is heavily wounded.
The ogre barely misses you.
You slash the ogre!
The ogre is almost dead.
The ogre closely misses you.
You hit the ogre.
The ogre is almost dead.
The ogre hits you with a giant club!
You die...

.. ### ## #. ..# #.. .##
#.# #... ..# #.#
###....#########.# #.#
#.......@Or...##.# #.#
#.#....#.#.......###.####
#.## #.#..............#
#.#.......###.##.#
#..............!.#
###<).....###.##.#
#......(....##.#
#.......##...#..
#.##.#####.#.#.#


You could see an ogre and a rat.

Vanquished Creatures
  A scorpion (D:4)
  5 adders
  A giant mite (D:3)
  2 worms
  A giant eyeball (D:4)
  A giant gecko (D:1)
  3 orcs
  3 ball pythons
  13 goblins
  6 hobgoblins
  5 jackals
  A ball python skeleton (D:4)
  8 bats
  3 giant cockroaches
  5 kobolds
  A kobold skeleton (D:4)
  A quokka (D:2)
  8 rats
68 creatures vanquished.

Vanquished Creatures (others)
  An orc (D:3)
1 creature vanquished.

Grand Total: 69 creatures vanquished

Notes
Turn   | Place    | Note
--------------------------------------------------------------
     0 | D:1      | Antur, the High Elf Skald, began the quest for the Orb.
     0 | D:1      | Reached XP level 1. HP: 13/13 MP: 4/4
   238 | D:1      | Found a shattered altar of Ashenzari.
   245 | D:1      | Reached skill level 4 in Charms
   278 | D:1      | Reached XP level 2. HP: 15/18 MP: 6/6
   732 | D:1      | Reached skill level 1 in Armour
  1126 | D:2      | Found an iron altar of Okawaru.
  1143 | D:2      | Found a glowing golden altar of the Shining One.
  1145 | D:2      | Found a snail-covered altar of Cheibriados.
  1150 | D:2      | Became a worshipper of Warmaster Okawaru
  1211 | D:2      | Reached XP level 3. HP: 20/23 MP: 8/8
  1336 | D:2      | Learned a level 2 spell: Song of Slaying
  1339 | D:2      | Learned a level 2 spell: Shroud of Golubria
  1677 | D:2      | Found a glowing silver altar of Zin.
  2212 | D:2      | Reached XP level 4. HP: 20/29 MP: 9/11
  3090 | D:3      | Found a shimmering altar of Xom.
  3733 | D:4      | Found a sparkling altar of Nemelex Xobeh.
  3772 | D:4      | Noticed an ogre
  3806 | D:4      | an ogre changed into a worm
  3944 | D:4      | Reached XP level 5. HP: 7/34 MP: 11/13
  4418 | D:4      | Reached skill level 1 in Translocations
  4442 | D:4      | Paralysed by a giant eyeball for 3 turns
  4448 | D:4      | Paralysed by a giant eyeball for 2 turns
  4566 | D:4      | Found a deep blue altar of Sif Muna.
  4813 | D:4      | Noticed an ogre
  4837 | D:4      | Mangled by an ogre

Action                   |  1- 3 |  4- 6 || total
-------------------------+-------+-------++-------
Melee: Falchion          |   122 |   116 ||   238
Throw: Dart              |       |    12 ||    12
 Cast: Infusion          |     3 |       ||     3
       Shroud of Golubri |     5 |    10 ||    15
Evoke: Wand              |       |     9 ||     9
  Use: Scroll            |     3 |    15 ||    18
       Potion            |     3 |     1 ||     4
